 Dungeon Crawl Stone Soup version 0.26-a0-652-gafc20e3620 (webtiles) character file.

Game seed: 5182025904865808818

42 marklar909 the Sneak (level 3, 0/20 HPs)
             Began as a Kobold Enchanter on Oct 3, 2020.
             Slain by a kobold
             ... wielding a +0 club
              (4 damage)
             ... on level 1 of the Dungeon.
             The game lasted 00:02:35 (1470 turns).

marklar909 the Sneak (Kobold Enchanter)             Turns: 1470, Time: 00:02:36

Health: 0/20       AC:  4    Str:  5    XL:     3   Next: 77%
Magic:  1/6        EV: 15    Int: 17    God:
Gold:   22         SH:  0    Dex: 15    Spells: 0/6 levels left

rFire    . . .     SeeInvis .   g - +0 short sword
rCold    . . .     Faith    .   (shield restricted)
rNeg     . . .     Spirit   .   b - +0 robe
rPois    .         Reflect  .   (no helmet)
rElec    .         Harm     .   j - +0 cloak
rCorr    .         Rampage  .   a - +0 pair of gloves
MR       .....                  (no boots)
Stlth    ++++......             (no amulet)
HPRegen  0.06/turn              (no ring)
MPRegen  0.10/turn              (no ring)

@: no status effects
A: small, nightstalker 3
a: no special abilities


You were on level 1 of the Dungeon.
You visited 1 branch of the dungeon, and saw 2 of its levels.

You collected 22 gold pieces.

Inventory:

Hand Weapons
 g - a +0 short sword (weapon)
Armour
 a - a +0 pair of gloves (worn)
 b - a +0 robe (worn)
 j - a +0 cloak (worn)
Scrolls
 d - a scroll of fog {unknown}
 e - 3 scrolls of identify {unknown}
 h - a scroll of teleportation {unknown}
Potions
 c - a potion of curing {unknown}
 f - a potion of lignification {unknown}
 i - 3 potions of heal wounds {unknown}
 k - a potion of berserk rage {unknown}


   Skills:
 + Level 0.3 Fighting
 + Level 1.7 Short Blades
 + Level 2.7 Dodging
 + Level 4.9 Stealth
 + Level 2.3 Spellcasting
 + Level 3.5 Hexes


You couldn't memorise any spells.
You knew the following spells:

 Your Spells              Type           Power        Failure   Level
a - Corona                Hex            ##.....      4%          1
b - Ensorcelled Hibernat  Hex/Ice        #.....       14%         2
c - Confusing Touch       Hex            ##......     13%         3

Your spell library contained the following spells:

 Spells                   Type           Power        Failure   Level
 Tukima's Dance           Hex            ##......     13%         3
 Dazzling Flash           Conj/Hex       #.....       26%         3


Dungeon Overview and Level Annotations

Branches:
Dungeon (2/15)

Altars:


Innate Abilities, Weirdness & Mutations

You are small and have problems with some larger weapons.
You are completely attuned to the shadows.


Message History

Casting: Ensorcelled Hibernation (safe; 14% risk of failure)
Confirm with . or Enter, or press ? or * to list all spells.
Aiming: Ensorcelled Hibernation (safe; 14% risk of failure)
Press: ? - help, Shift-Dir - straight line, f - kobold
Aim: a kobold, wielding a +0 club (moderately wounded, chance to defeat MR: 57%)
The kobold resists with significant effort.
The kobold hits you with a +0 club.
* * * LOW HITPOINT WARNING * * *
Casting: Ensorcelled Hibernation (safe; 14% risk of failure)
Confirm with . or Enter, or press ? or * to list all spells.
Aiming: Ensorcelled Hibernation (safe; 14% risk of failure)
Press: ? - help, Shift-Dir - straight line, f/p - kobold
Aim: a kobold, wielding a +0 club (chance to defeat MR: 57%)
The kobold resists with significant effort.
You closely miss the kobold. The kobold hits you with a +0 club.
* * * LOW HITPOINT WARNING * * *
You closely miss the kobold. The kobold hits you but does no damage.
Unknown command.
The kobold hits you with a +0 club.
You die...

#######≈.#≈≈≈≈≈..≈≈≈≈≈#.≈........
#≈.#≈..........≈#.≈#.######
#≈.#≈.########.≈#.≈#.#
#######≈.#≈..........≈#.≈#.#
......>≈8#≈≈≈≈≈..≈≈≈≈≈#8≈..#
######.≈.######''######.≈.##
######.≈..8..8....8..8..≈.#
......#≈≈≈≈≈≈≈≈..≈≈≈≈≈≈≈≈.#######
######.#.#####.K@..#####.........
#..## #.##.## #..####### #.##
#.##.######..# #.# #.##.........#
#.# #.##########.# #.# #.# #.#
######.# #.# #.# ..†....# #.# #.#
.####### #.# #.###


You could see a kobold.

Vanquished Creatures
  A gnoll (D:1)
  3 dart slugs
  A giant cockroach (D:1)
  4 hobgoblins
  3 bats (D:1)
  4 frilled lizards
  2 goblins (D:1)
  5 kobolds (D:1)
  7 rats (D:1)
30 creatures vanquished.

Notes
Turn   | Place    | Note
-------+----------+-------------------------------------------
     0 | D:1      | marklar909 the Kobold Enchanter began the quest for the
                  | Orb.
     0 | D:1      | Reached XP level 1. HP: 10/10 MP: 3/3
   138 | D:1      | Reached XP level 2. HP: 15/15 MP: 5/5
   204 | D:1      | Learned a level 2 spell: Ensorcelled Hibernation
   622 | D:1      | Reached XP level 3. HP: 19/19 MP: 6/6
   627 | D:1      | Learned a level 3 spell: Confusing Touch
  1470 | D:1      | Slain by a kobold

Illustrated notes

Levels and vault maps discovered:
D:1:      lightli_arrival_isolated_outpost, layout_loops_ring
D:2:      layout_rooms, lemuel_crystal_altar

Action                   || total
-------------------------++-------
Melee: Dagger            ||    13
       Short sword       ||    55
 Cast: Ensorcelled Hiber ||     8
 Stab: Sleeping          ||    21
Armor: Robe              ||     6
Dodge: Dodged            ||    32

Table legend: (Time is in decaauts)
 A = Elapsed time spent in this place.
 B = Non-inter-level travel time spent in this place.
 C = Inter-level travel time spent in this place.
 D = Time resting spent in this place.
 E = Time spent auto-exploring this place.
 F = Levels seen in this place.
 G = Mean time per level.
                   A        B        C        D        E       F      G
               +--------+--------+--------+--------+--------+-----+--------+
         Total |   1478 |   1436 |     42 |    169 |   1006 |   2 |  739.0 |
       Dungeon |   1478 |   1436 |     42 |    169 |   1006 |   2 |  739.0 |
               +--------+--------+--------+--------+--------+-----+--------+

Top non-repeatable levels by time:
     D:1: 1411 daAuts
     D:2: 67 daAuts
